 Dungeon Crawl Stone Soup version 0.28-a0-612-gcfc00ec14d (webtiles) character file.

Game seed: 9438865652410715185

1341 bjtr the Conjurer (level 8, -4/62 HPs)
             Began as a Demigod Conjurer on Oct 5, 2021.
             Slain by a water moccasin (6 damage)
             ... on level 7 of the Dungeon on Oct 6, 2021.
             The game lasted 00:31:17 (6514 turns).

bjtr the Conjurer (Demigod Conjurer)                Turns: 6514, Time: 00:31:17

Health: -4/62      AC:  3    Str: 13 (14) XL:     8   Next: 13%
Magic:  22/28      EV: 12    Int: 26 (28) God:
Gold:   258        SH:  0    Dex: 10 (12) Spells: 4/17 levels left

rFire   . . .      SeeInvis +   a - +2 flail (holy)
rCold   . . .      Faith    .   (no shield)
rNeg    . . .      Spirit   .   A - +0 leather armour "Okuokuonn" {Regen+ Str+6}
rPois   .          Reflect  .   (no helmet)
rElec   .          Harm     .   (no cloak)
rCorr   .          Rampage  .   (no gloves)
Will    .....                   (no boots)
Stlth   +.........              (no amulet)
HPRegen 1.20/turn               n - ring of magical power
MPRegen 0.21/turn               F - ring of see invisible

@: lethally poisoned (-4 -> -5), mesmerised, very slightly contaminated
A: high mp 1, forlorn
a: no special abilities


You were on level 7 of the Dungeon.
You visited 1 branch of the dungeon, and saw 7 of its levels.

You collected 258 gold pieces.

Inventory:

Hand Weapons
 a - a +2 flail of holy wrath (weapon)
 b - a +2 dagger of electrocution
 h - a +2 mace of protection
 i - a +2 dagger of venom
 p - a +0 hand axe of flaming
 r - a +0 falchion
 v - a +1 vampiric spear
 G - a +2 vampiric dagger
Missiles
 e - 232 stones (quivered)
 g - 34 bolts
 j - 2 throwing nets
 m - 30 sling bullets
 u - 22 poisoned darts
 x - 3 boomerangs
 H - 5 atropa-tipped darts
Armour
 d - a +2 scale mail of poison resistance
 k - a +1 robe
 q - a +0 ring mail
 A - the +0 leather armour "Okuokuonn" (worn) {Regen+ Str+6}
   (You found it on level 5 of the Dungeon)

   Str:       It affects your strength (+6).
   Regen:     It increases your rate of health regeneration.
Jewellery
 n - a ring of magical power (left hand)
 F - a ring of see invisible (right hand)
Wands
 y - a wand of acid (5)
 I - a wand of digging (5)
Scrolls
 c - 3 scrolls of fog
 o - 2 scrolls of enchant weapon
 z - a scroll of identify
Potions
 f - a potion of lignification
 l - a potion of haste {unknown}
 s - a potion of magic {unknown}
 t - 2 potions of attraction {unknown}
 w - 2 potions of invisibility
 B - 2 potions of flight {unknown}
 C - a potion of ambrosia {unknown}
 D - a potion of degeneration
 E - a potion of heal wounds {unknown}


   Skills:
 + Level 2.8 Fighting
 + Level 2.5 Armour
 + Level 3.4 Dodging
 - Level 1.7 Stealth
 * Level 5.1 Spellcasting
 * Level 6.5 Conjurations
 * Level 1.1 Fire Magic


You had 4 spell levels left.
You knew the following spells:

 Your Spells              Type           Power      Damage    Failure   Level
a - Magic Dart            Conj           100%       1d8       1%          1
b - Searing Ray           Conj           80%        2d7       1%          2
c - Iskenderun's Mystic   Conj/Tloc      23%        2d6       26%         4
d - Scorch                Fire           24%        2d6       9%          2
e - Flame Wave            Conj/Fire      26%        3d6       21%         4

Your spell library contained the following spells:

 Spells                   Type           Power      Damage    Failure   Level
 Dazzling Flash           Conj/Hex       46%        N/A       8%          3
 Beastly Appendage        Tmut           12%        N/A       10%         1
 Wereblood                Tmut           6%         N/A       14%         2
 Fulminant Prism          Conj/Hex       11%        3d9       26%         4
 Spider Form              Tmut/Pois      3%         N/A       28%         3
 Summon Cactus Giant      Summ           3%         N/A       100%        6
 Chain Lightning          Conj/Air       11%        3d15      100%        9
 Fire Storm               Conj/Fire      13%        8d3       100%        9
 Shatter                  Erth           3%         3d7*      100%        9


Dungeon Overview and Level Annotations

Branches:
Dungeon (7/15)
 Temple: D:4-7

Annotations:
D:7 Maggie


Innate Abilities, Weirdness & Mutations

Your attributes grow dramatically as you level up.
You have an increased reservoir of magic. (+10% MP)
You shall have no god before yourself.


Message History

The wyvern bites you!
Unknown command.
You cannot move away from Maggie!
Casting: Searing Ray (safe; 1% risk of failure)
Confirm with . or Enter, or press ? or * to list all spells.
Flames lash Maggie.
Maggie is lightly wounded.
Maggie's fire resistance burns away.
You feel very sick. The wyvern barely misses you.
The water moccasin closely misses you. The orc misses you.
Casting: Scorch (safe; 8% risk of failure)
Confirm with . or Enter, or press ? or * to list all spells.
Casting: Flame Wave (dangerous; 17% risk of failure)
Press: ? - help, Dir - look around, f - activate You miscast Flame Wave.
You are very lightly contaminated with residual magic.
Nothing appears to happen.
You feel very sick. The wyvern closely misses you.
The water moccasin bites you but does no damage.
Maggie hits you from afar with a +2 halberd of pain!
You writhe in agony.
* * * LOW HITPOINT WARNING * * *
The wyvern bites you!
* * * LOW HITPOINT WARNING * * *
Casting: Flame Wave (dangerous; 17% risk of failure)
Confirm with . or Enter, or press ? or * to list all spells.
Okay, then.
Unknown command.
Unknown command.
It was a potion of degeneration.
There was something very wrong with that liquid.
You feel weakened.
You feel dopey.
You feel clumsy.
You feel sick. The water moccasin bites you.
* * * LOW HITPOINT WARNING * * *
The wyvern bites you.
* * * LOW HITPOINT WARNING * * *
The water moccasin bites you.
You die...

#.#......
#<......#
####...#####
#....#.#
#.##.#.##
#........
######.@.....#
##....#l......#
#.....@SZ.....).
#...oo#####......
#....(#...#.....#
#.......#.#
##....###.#
#$.....<.#
#####.#### #...
......


You could see Maggie (mesmerising, combustible), an orc warrior, a water
moccasin, a wyvern, an orc and a bullfrog skeleton.

Vanquished Creatures
  Eustachio (D:5)
  A black bear (D:5)
  A sky beast (D:6)
  A centaur (D:5)
  A necrophage (D:5)
  A phantom (D:5)
  A scorpion (D:4)
  Blork the orc (D:6)
  A wyvern zombie (D:5)
  2 electric eels (D:6)
  A bullfrog zombie (D:6)
  A centaur skeleton (D:6)
  2 hounds (D:6)
  2 orc priests
  Terence (D:3)
  An iguana (D:5)
  An orc wizard (D:3)
  6 gnolls
  9 adders
  A shadow imp (D:6)
  A white imp (D:6)
  2 ufetubi
  An adder skeleton (D:4)
  A worm (D:3)
  2 dart slugs
  12 orcs
  7 ball pythons
  8 endoplasms
  3 giant cockroaches
  5 goblins
  4 hobgoblins (D:2)
  4 jackals
  5 kobolds
  2 quokkas
  4 bats
  3 frilled lizards
  4 rats
104 creatures vanquished.

Notes
Turn   | Place    | Note
-------+----------+-------------------------------------------
     0 | D:1      | bjtr the Demigod Conjurer began the quest for the Orb.
     0 | D:1      | Reached XP level 1. HP: 14/14 MP: 5/5
   429 | D:1      | Reached skill level 4 in Conjurations
   447 | D:1      | Reached XP level 2. HP: 22/22 MP: 5/7
   455 | D:1      | Learned a level 2 spell: Searing Ray
  1459 | D:2      | Reached XP level 3. HP: 24/27 MP: 1/8
  1961 | D:2      | Reached skill level 1 in Fighting
  1961 | D:2      | Reached XP level 4. HP: 28/35 MP: 5/10
  2635 | D:3      | Noticed Terence
  2650 | D:3      | Killed Terence
  2762 | D:3      | Reached skill level 5 in Conjurations
  2762 | D:3      | Reached XP level 5. HP: 27/40 MP: 12/12
  3779 | D:3      | Upgraded the game from 0.28-a0-595-g9f6c0e134a to
                  | 0.28-a0-612-gcfc00ec14d
  4420 | D:4      | Reached XP level 6. HP: 48/48 MP: 14/14
  4470 | D:4      | Learned a level 4 spell: Iskenderun's Mystic Blast
  4721 | D:5      | Entered Level 5 of the Dungeon
  4734 | D:5      | Identified the +0 leather armour "Okuokuonn" {Regen+ Str+6}
  4936 | D:5      | Noticed Eustachio
  4947 | D:5      | Killed Eustachio
  5044 | D:5      | Reached XP level 7. HP: 53/55 MP: 16/16
  5081 | D:5      | Reached skill level 6 in Conjurations
  5120 | D:5      | Reached skill level 1 in Armour
  5671 | D:6      | Learned a level 2 spell: Scorch
  5676 | D:6      | Learned a level 4 spell: Flame Wave
  5727 | D:6      | Noticed Blork the orc
  5740 | D:6      | Killed Blork the orc
  5742 | D:6      | Reached skill level 5 in Spellcasting
  5742 | D:6      | Reached XP level 8. HP: 58/62 MP: 19/19
  6225 | D:6      | Reached skill level 1 in Fire Magic
  6349 | D:7      | Noticed Maggie
  6514 | D:7      | HP: 3/62 [water moccasin (2)]
  6514 | D:7      | Slain by a water moccasin

Illustrated notes

Levels and vault maps discovered:
D:1:      sevenhm_arrival_forest_fort_small_6, layout_rooms,
          shapermc_ecumenical_altar_petra
D:2:      layout_basic, hangedman_abyss_or_decor_lesser_grid
D:3:      kennysheep_big_flooded_room, layout_rooms,
          nicolae_qazlal_eye_of_the_storm, okawaru_ov_weapons_minmay,
          uniq_terence
D:4:      layout_cave_pods, mainiacjoe_overflow_cross_hatched,
          kennysheep_generic_room_13
D:5:      layout_rooms, uniq_eustachio
D:6:      layout_basic, trog_book, mainiacjoe_overflow_catch_the_wave,
          uniq_blork_the_orc
D:7:      layout_basic, mainiacjoe_overflow_surrounded_room, vehumet_crystals,
          minmay_temple_entry_wispy, uniq_maggie

Skill      XL: |  1  2  3  4  5  6  7  8 |
---------------+-------------------------+-----
Conjurations   | 4 5 6 |  6.5
Spellcasting   | 2 3 4 5 |  5.1
Fighting       | 1 2 |  2.8
Dodging        | 2 3 |  3.4
Armour         | 2 |  2.5
Fire Magic     | 1 |  1.1
Stealth        | |  1.7

Action                   |  1- 3 |  4- 6 |  7- 9 || total
-------------------------+-------+-------+-------++-------
Melee: Dagger            |    10 |       |       ||    10
       Mace              |     8 |       |       ||     8
       Flail             |     2 |    37 |    31 ||    70
Throw: Stone             |     8 |       |       ||     8
 Cast: Magic Dart        |    21 |     4 |       ||    25
       Searing Ray       |    19 |    38 |    16 ||    73
       Scorch            |       |       |     1 ||     1
Evoke: Wand              |       |     2 |       ||     2
  Use: Scroll            |     4 |     6 |     2 ||    12
       Potion            |       |     1 |     1 ||     2
 Stab: Sleeping          |       |     1 |       ||     1
Armor: Robe              |    12 |     9 |       ||    21
       Leather armour    |       |     3 |    17 ||    20
Dodge: Dodged            |    34 |    62 |    62 ||   158

Table legend: (Time is in decaauts)
 A = Elapsed time spent in this place.
 B = Non-inter-level travel time spent in this place.
 C = Inter-level travel time spent in this place.
 D = Time resting spent in this place.
 E = Time spent auto-exploring this place.
 F = Levels seen in this place.
 G = Mean time per level.
                   A        B        C        D        E       F      G
               +--------+--------+--------+--------+--------+-----+--------+
         Total |   6547 |   6297 |    250 |   1371 |   3752 |   7 |  935.3 |
       Dungeon |   6547 |   6297 |    250 |   1371 |   3752 |   7 |  935.3 |
               +--------+--------+--------+--------+--------+-----+--------+

Top non-repeatable levels by time:
     D:2: 1366 daAuts
     D:3: 1317 daAuts
     D:1: 1116 daAuts
     D:4: 1105 daAuts
     D:6: 919 daAuts
     D:5: 695 daAuts
     D:7: 26 daAuts
